Unix NetHack Version 3.7.0-80 Work-in-progress - last build Apr 4 2023 12:38:21 (790859391a0ee7bd3181b412646ad1b7e633ff00,branch:master). Game began 2023-04-16 11:00:25, ended 2023-04-16 11:06:17. tromix, chaotic male human Ranger - --------- |.....||..---- -----.--.....-------- ---- ------- - - |<............................................- |.........------ - -- -- --- |...@d...-- ----.G...| ---.--- -- Tromix the Lookout St:15 Dx:10 Co:14 In:14 Wi:16 Ch:7 Chaotic Dlvl:4 $:44 HP:0(25) Pw:17(17) AC:0 Exp:3 T:1187 Latest messages: The giant rat bites! You hit the giant rat. The giant rat misses! You kill the giant rat! Where do you want to travel to? (For instructions type a '?') You hit the acid blob. You miss the acid blob. You hit the acid blob. You are splashed by the acid blob's acid! You hit the acid blob. You are splashed by the acid blob's acid! You miss the acid blob. You hit the acid blob. You are splashed by the acid blob's acid! Your dagger corrodes completely! You hit the acid blob. You are splashed by the acid blob's acid! You hit the acid blob. You kill the acid blob! You miss the lichen. The lichen touches you! You kill the lichen! You see here a lichen corpse. h - a lichen corpse (2 in total). You descend the stairs. You hear rumbling in the distance. Sirius picks up a lamp. The gnome lord wields a bow! The gnome lord shoots an arrow! The arrow misses Sirius. An arrow misses you. s - an arrow. The gnome lord shoots an arrow! You are hit by an arrow. s - an arrow (2 in total). Sirius drops a lamp. Sirius bites the gnome lord. The gnome lord swings his bow at Sirius. The gnome lord hits Sirius. The gnome lord shoots 2 arrows! You are hit by the 1st arrow. The 2nd arrow misses you. s - an arrow (3 in total). You hit the gnome lord. Sirius picks up a lamp. The gnome lord swings his bow. The gnome lord hits! You die... Do you want your possessions identified? [ynq] (y) q Inventory: Coins $ - 44 gold pieces Weapons c - 59 +2 arrows (in quiver) d - 31 +0 arrows s - 3 +0 arrows b - a blessed +1 bow (alternate weapon; not wielded) q - a +0 dagger a - a thoroughly corroded +1 dagger (weapon in hand) Armor m - an uncursed +0 pair of jumping boots (being worn) e - an uncursed +2 cloak of displacement (being worn) k - an uncursed +0 splint mail (being worn) Comestibles f - 4 uncursed cram rations h - 2 uncursed lichen corpses Scrolls p - an uncursed scroll of enchant weapon g - an uncursed scroll of gold detection Potions i - an uncursed potion of healing j - an uncursed potion of restore ability r - a blessed potion of sleeping n - an uncursed potion of water Tools l - a magic marker (0:95) Gems/Stones o - an uncursed worthless piece of yellow glass Tromix the Ranger's attributes: Background: You were a Lookout, a level 3 male human Ranger. You were chaotic, nominally on a mission for Mars who was opposed by Mercury (lawful) and Venus (neutral). You were in the Gnomish Mines, on level 4. You entered the dungeon 1187 turns ago. You had 51 experience points, 29 more were needed to attain level 4. Basics: You had 0 out of 25 hit points. You had all 17 energy points (spell power). Your armor class was 0. Your wallet contained 44 zorkmids. Autopickup was off. Final Characteristics: Your strength was 15 (limit:18/100). Your dexterity was 10 (limit:18). Your constitution was 14 (limit:18). Your intelligence was 14 (limit:18). Your wisdom was 16 (limit:18). Your charisma was 7 (limit:18). Final Status: You were not hungry. You were unencumbered. You were wielding a dagger. You had basic skill with dagger. Final Attributes: You were devoutly aligned. You had automatic searching. You were displaced. You could jump. You were warded. You are dead. Miscellaneous: You disabled loading of bones levels. Total elapsed playing time was 5 minutes and 52 seconds. Major events: Turn 1: tromix the chaotic male human Ranger entered the dungeon 858: entered the Gnomish Mines 1108: attained the rank of Lookout (level 3) 1187: killed by a gnome lord Vanquished creatures: a gnome leader 2 acid blobs a coyote a hobbit a giant rat a gnome a gecko 6 jackals a kobold 2 grid bugs 5 lichens a kobold zombie 2 newts 25 creatures vanquished. No species were genocided or became extinct. Voluntary challenges: You were an atheist. You were illiterate. You never engraved Elbereth. You never genocided any monsters. You never polymorphed an object. You never changed form. You used no wishes. Achievements: You entered the Gnomish Mines. You attained the rank of Lookout. The Dungeons of Doom: levels 1 to 4 Level 1: Level 2: A grave. Level 3: Stairs down to The Gnomish Mines. Level 4: The Gnomish Mines: Level 4: <- You were here. Final resting place for you, killed by a gnome lord. Game over: ---------- / \ / REST \ / IN \ / PEACE \ / \ | tromix | | 44 Au | | killed by a | | gnome lord | | | | | | 2023 | *| * * * | * _________)/\\_//(\/(/\)/\//\/|_)_______ Goodbye tromix the Ranger... You died in The Gnomish Mines on dungeon level 4 with 394 points, and 44 pieces of gold, after 1187 moves. You were level 3 with a maximum of 25 hit points when you died.